[Event "Early-Titled-Tuesday-Blitz-June-18-2024"]
[Site "Chess.com"]
[Date "2024.06.18"]
[Round "9"]
[White "DeArron_Fox"]
[Black "rockstar0902"]
[Result "0-1"]
[WhiteElo "2470"]
[BlackElo "2612"]
[TimeControl "180+1"]
[EndTime "9:47:17 PDT"]
[Termination "rockstar0902 won on time"]

1. d4 d5 2. c4 c6 3. Nc3 Nf6 4. e3 e6 5. Nf3 Nbd7 6. Qc2 b6 7. Bd3 Bb7 8. e4 dxe4 9. Nxe4 Nxe4 10. Bxe4 Bb4+ 11.
Bd2 Bxd2+ 12. Qxd2 Nf6 13. Bc2 O-O 14. O-O c5 15.
dxc5 Bxf3 16. Qxd8 Raxd8 17. gxf3 Rd2 18. Rac1 bxc5 19. Rfd1 Rfd8 20. Rxd2 Rxd2 21. Kf1 Kf8 22. Ke1 Rd4 23. Ba4 Rh4 24. b4 cxb4 25. c5 Nd5 26. c6 Nc3 27. Bb3 Ke7 28. a3 a5 29. axb4 axb4 30. Ra1 Kd6 31. Ra7 Rf4 32. c7 Kd7 33. Bc2 Rxf3 34. Kd2 Rxf2+ 35. Kc1 Rf3 36. Kd2 Kc8 37.
Bd3 Rxd3+ 38. Kxd3 Nd5 39. Kc4 g5 40. Ra8+ Kxc7 41. Ra7+ Kd6 42. Rxf7 h5 43. Rg7 g4 44. Rg5 Nf4 45. Kxb4 e5 46. Kc4 Ke6 47. Rg8 Kf5 48. Kc3 Ke4 49. Kd2 Kf3 50. Re8 e4 51. Rf8 h4 52. Rh8 g3 53. hxg3 hxg3 54. Ke1 g2 55. Rg8 Nh3 56. Rf8+ Ke3 0-1

[Event "Early-Titled-Tuesday-Blitz-June-18-2024"]
[Site "Chess.com"]
[Date "2024.06.18"]
[Round "9"]
[White "Larina_Maria"]
[Black "KevinGeorgeMicheal"]
[Result "0-1"]
[WhiteElo "2365"]
[BlackElo "2480"]
[TimeControl "180+1"]
[EndTime "9:47:18 PDT"]
[Termination "KevinGeorgeMicheal won by checkmate"]

1. e4 c6 2. d4 d5 3. f3 Nd7 4. c4 dxe4 5. fxe4 e5 6. d5 Qh4+ 7. Kd2 Qxe4 8. Nc3 Bb4 9. Ne2 cxd5 10.
cxd5 Qxd5+ 11. Kc2 Qxd1+ 12. Kxd1 Ngf6 13. Nb5 O-O 14. Be3 Bc5 15. Bxc5 Nxc5 16. Kc2 Bf5+ 17. Kc3 Nce4+ 18. Kb4 a5+ 19. Ka4 Nd5 20. Nec3 Nexc3+ 21. bxc3 Bd7 22. c4 Ne3 23. Be2 Rfc8 24. Rac1 Rc5 25.
Kb3 Rac8 26. a4 Be6 27. Nd6 R8c6 28. Ne4 Rb6+ 29. Kc3 Rcc6 30. Nd2 f5 31. Bf3 e4 32. Be2 Rb4 33. Ra1 Nxc4 34. Nxc4 Bxc4 35. Bxc4+ Rcxc4+ 36. Kd2 Rxa4 37. Rab1 Rcb4 38. Rbc1 Rc4 39. Rb1 Rab4 40.
Ra1 b6 41. Ke3 g6 42. Rhd1 Kg7 43. Rd7+ Kh6 44. Rb7 Rc3+ 45. Kf4 Rb2 46. g3 Rf2+ 47. Ke5 Rxh2 48. Rxb6 Rxg3 49. Rbb1 Kg5 50. Rxa5 Rc2 51. Ra7 Rc5+ 52. Kd4 Rc8 53. Rbb7 Rd8+ 54. Ke5 h5 55. Rh7 e3 56. Ra2 Re8+ 57. Kd4 e2 58. Rg7 e1=Q 59. Ra6 Qc3+ 60. Kd5 Rd3# 0-1

[Event "Early-Titled-Tuesday-Blitz-June-18-2024"]
[Site "Chess.com"]
[Date "2024.06.18"]
[Round "9"]
[White "rachidhuilda"]
[Black "JAN2404"]
[Result "1-0"]
[WhiteElo "2406"]
[BlackElo "2058"]
[TimeControl "180+1"]
[EndTime "9:47:18 PDT"]
[Termination "rachidhuilda won on time"]

1. d4 Nf6 2. Bg5 e6 3. e4 h6 4. Bxf6 Qxf6 5. c3 d5 6. Nd2 c5 7. Ngf3 Nc6 8. Bb5 Bd7 9. O-O Be7 10. exd5 exd5 11. dxc5 Bxc5 12. Re1+ Be6 13. Nb3 Bb6 14. Nbd4 Rc8 15. Qe2 Bxd4 16. Nxd4 O-O 17. Nxe6 fxe6 18.
Qxe6+ Kh8 19. Qxf6 Rxf6 20. f3 Rd6 21. Rad1 Rcd8 22. Kf2 Kg8 23. Re2 Kf7 24. Red2 g5 25.
Ba4 Kf6 26. Bxc6 bxc6 27. Rd4 Rb8 28. b3 h5 29. c4 Ke5 30. cxd5 Rxd5 31. R4d2 Rbd8 32.
Re2+ Kf5 33. Rc1 c5 34. Rcc2 a5 35. Rc4 R8d7 36. h4 g4 37. Kg3 Rg7 38. Rf4+ Kg6 39.
fxg4 Rd3+ 40. Rf3 Rxf3+ 41. gxf3 hxg4 42. fxg4 Kf6 43. Rc2 Rc7 44. Rc4 Ke5 45. h5 Kd5 46. Kh4 Rf7 47. h6 Rf2 48. g5 Rxa2 49. Kh5 Ke6 50. Kg6 Rd2 51. Rxc5 Rd8 52. Rxa5 Rg8+ 53. Kh5 Rb8 54. Ra3 Kf7 55. Ra7+ Kf8 56. h7 Rb7 57. h8=Q+ 1-0

[Event "Early-Titled-Tuesday-Blitz-June-18-2024"]
[Site "Chess.com"]
[Date "2024.06.18"]
[Round "9"]
[White "UnTucopalaTimba"]
[Black "wild3000"]
[Result "1-0"]
[WhiteElo "2102"]
[BlackElo "2398"]
[TimeControl "180+1"]
[EndTime "9:47:19 PDT"]
[Termination "UnTucopalaTimba won on time"]

1. e4 a6 2. d4 e6 3. Nf3 d5 4.
Nbd2 dxe4 5. Nxe4 Nd7 6. c3 Ngf6 7. Nxf6+ Nxf6 8. Ne5 Be7 9. Bd3 O-O 10. O-O c5 11. Re1 cxd4 12. cxd4 Bd7 13. Nxd7 Qxd7 14. Bf4 Nd5 15.
Be5 Bf6 16. a3 Bxe5 17. Rxe5 Rfd8 18. Qh5 Nf6 19. Qf3 Qxd4 20. Re3 Qxb2 21. Rb1 Qd4 22. h3 b5 23. g4 h6 24. Kg2 Rac8 25. Rb4 Qd5 26. Be4 Nxe4 27. Rexe4 a5 28. Rbd4 Qxd4 29. Rxd4 Rxd4 30. Qb7 Rcd8 31. Qxb5 a4 32. Qa5 g6 33. Qa7 R8d5 34. Qa8+ Kg7 35. f3 Rd2+ 36. Kg3 Ra2 37. Qxa4 Rd3 38. Qe8 Raxa3 39. Qc8 Rxf3+ 40. Kg2 Rg3+ 41.
Kf2 Rxh3 42. Qc7 Rhf3+ 43. Ke2 1-0

[Event "Early-Titled-Tuesday-Blitz-June-18-2024"]
[Site "Chess.com"]
[Date "2024.06.18"]
[Round "9"]
[White "KubaGepard"]
[Black "K_A_S_T_O_R"]
[Result "1-0"]
[WhiteElo "2661"]
[BlackElo "2841"]
[TimeControl "180+1"]
[EndTime "9:47:21 PDT"]
[Termination "KubaGepard won by resignation"]

1. d4 Nf6 2. Nf3 e6 3. g3 b6 4. Bg2 Bb7 5. O-O c5 6. dxc5 Bxc5 7. c4 O-O 8. Nc3 Be7 9. Bf4 d6 10. Qd2 a6 11. Rfd1 Ne8 12. Rac1 Nd7 13. Qc2 Rc8 14. Ng5 Bxg5 15. Bxg5 Qxg5 16. Bxb7 Rxc4 17. Bxa6 Rc7 18.
Qd2 Qa5 19. Bb5 Rxc3 20. Bxd7 Rxc1 21. Qxc1 d5 22. Bxe8 Rxe8 23. Qc6 Rf8 24. a3 h6 25. e4 Rd8 26. Qc7 Qa8 27. exd5 Rxd5 28. Rxd5 Qxd5 29. Qxb6 Qd1+ 30. Kg2 Qd5+ 31. f3 Qd2+ 32. Qf2 Qd3 33. a4 Qc4 34. a5 Qb5 35. Qd2 e5 36. b4 f5 37. Qa2+ Kh7 38. a6 e4 39. fxe4 Qd3 40. a7 Qxe4+ 41. Kf2 Qd4+ 42. Ke2 Qe4+ 43. Kd1 Qh1+ 44. Kc2 Qg2+ 45. Kb3 Qd5+ 46. Ka3 Qd3+ 47. Qb3 Qa6+ 48. Qa4 Qd3+ 49. Kb2 Qd2+ 50. Kb1 Qe1+ 51. Kc2 Qe4+ 52. Kc3 Qe3+ 53. Kc4 Qe2+ 54. Kc5 Qe5+ 55.
Kb6 Qd4+ 56. Kb7 Qe4+ 57. Kc7 Qe5+ 58. Kb7 Qe4+ 59. Kb6 Qd4+ 60. Kc6 Qe4+ 61. Kd7 Qd5+ 62. Ke7 Qe5+ 63. Kf7 Qf6+ 64. Ke8 Qe6+ 65. Kd8 Qd6+ 66.
Qd7 Qf8+ 67. Kc7 Qxb4 68. a8=Q Qc5+ 69. Qac6 Qa5+ 70. Qb6 1-0

[Event "Early-Titled-Tuesday-Blitz-June-18-2024"]
[Site "Chess.com"]
[Date "2024.06.18"]
[Round "9"]
[White "Feegus"]
[Black "jaramsdal"]
[Result "1-0"]
[WhiteElo "2691"]
[BlackElo "2464"]
[TimeControl "180+1"]
[EndTime "9:47:21 PDT"]
[Termination "Feegus won by checkmate"]

1. e4 c5 2. d4 cxd4 3. Qxd4 Nc6 4. Qd3 g6 5. Nc3 Bg7 6. Nf3 Nf6 7. Be2 O-O 8. O-O Nb4 9. Qd1 d5 10. exd5 Nfxd5 11. Nxd5 Qxd5 12. c3 Qxd1 13. Rxd1 Nc6 14. Be3 a5 15. a4 Be6 16. Bb6 Ne5 17. Nxe5 Bxe5 18. Bf3 Ra6 19. Bc5 Bb3 20. Rd7 Bd6 21. Bxb7 Be6 22.
Bxa6 Bxd7 23. Bxd6 exd6 24. b4 Ra8 25. b5 Bc8 26. Bxc8 Rxc8 27. Ra3 Kf8 28. Kf1 Ke7 29. Ke2 Ke6 30. Kd3 Kd5 31. Rb3 Kc5 32. b6 Rb8 33. b7 Kc6 34. Kd4 f6 35. Rb5 h5 36. h4 f5 37. f4 Rxb7 38. Rxb7 Kxb7 39. Kd5 Kc7 40.
c4 Kd7 41. c5 dxc5 42. Kxc5 Kc7 43. Kb5 Kd6 44. Kxa5 Kc5 45. g3 Kc6 46. Kb4 Kb6 47. a5+ Ka6 48. Ka4 Ka7 49. Kb5 Kb7 50. a6+ Ka7 51. Ka5 Ka8 52. Kb6 Kb8 53. a7+ Ka8 54.
Ka6 g5 55. hxg5 h4 56. g6 hxg3 57. g7 g2 58. g8=Q# 1-0

[Event "Early-Titled-Tuesday-Blitz-June-18-2024"]
[Site "Chess.com"]
[Date "2024.06.18"]
[Round "9"]
[White "Dr_Pepper18"]
[Black "PapaieDudu"]
[Result "1/2-1/2"]
[WhiteElo "2447"]
[BlackElo "2348"]
[TimeControl "180+1"]
[EndTime "9:47:22 PDT"]
[Termination "Game drawn by repetition"]

1. e4 e5 2. Nc3 f5 3. d4 exd4 4. Qxd4 Nc6 5. Qa4 fxe4 6. Qxe4+ Be7 7. Bc4 Nf6 8. Qd3 Ne5 9. Qe2 Nxc4 10. Qxc4 d5 11. Qd3 O-O 12. Nf3 c6 13. Bg5 h6 14. Bh4 Ne4 15. Bxe7 Qxe7 16. Qe2 Bg4 17.
O-O-O Rae8 18. Rhe1 Nxc3 19. Qxe7 Rxe7 20. Rxe7 Nxd1 21.
Kxd1 Bxf3+ 22. gxf3 Rxf3 23. Rxb7 Rxf2 24. Rxa7 Rxh2 25.
a4 h5 26. a5 h4 27. Re7 Kf8 28. Re3 d4 29. Ra3 h3 30. a6 Rh1+ 31. Ke2 h2 32. a7 Re1+ 33. Kxe1 h1=Q+ 34. Kd2 Qg2+ 35. Kd3 Qf3+ 36.
Kxd4 Qd5+ 37. Kc3 Qc5+ 38. Kb3 Qb5+ 39. Kc3 Qc5+ 40. Kd2 Qd4+ 41. Ke2 Qe4+ 42. Kf2 Qxc2+ 43. Kg3 Qg6+ 44. Kh2 Qh5+ 45. Kg3 Qg5+ 46. Kf2 Qd2+ 47.
Kf3 Qd5+ 48. Ke3 Qe5+ 49. Kd3 Qd5+ 50. Kc3 Qc5+ 51. Kd2 Qd4+ 52. Kc1 Qc4+ 53. Kb1 Qf1+ 54. Ka2 Qc4+ 55. Kb1 Qf1+ 56. Ka2 Qc4+ 57. Kb1 1/2-1/2

[Event "Early-Titled-Tuesday-Blitz-June-18-2024"]
[Site "Chess.com"]
[Date "2024.06.18"]
[Round "9"]
[White "GM_dmitrij"]
[Black "Durarbayli"]
[Result "1-0"]
[WhiteElo "3048"]
[BlackElo "2959"]
[TimeControl "180+1"]
[EndTime "9:47:23 PDT"]
[Termination "GM_dmitrij won on time"]

1. e4 e5 2. Nf3 Nc6 3. Nc3 Nf6 4. d4 exd4 5. Nxd4 Bb4 6. Nxc6 bxc6 7. Bd3 d5 8. Bd2 Bg4 9. f3 Be6 10. O-O Rb8 11. Kh1 h6 12. Qe1 dxe4 13. fxe4 Be7 14. Qg3 Ng4 15. Bf4 Rxb2 16. h3 Bh4 17. Qf3 Nf6 18.
Rad1 O-O 19. Be5 Nd7 20. Bd4 c5 21. Bg1 c6 22. e5 Rb4 23. a3 Rd4 24. Bxd4 cxd4 25.
Qe4 Re8 26. Qxd4 Qg5 27. Ne4 Qxe5 28. Qxe5 Nxe5 29. Nc5 Nxd3 30. cxd3 Bd5 31. Ne4 Be7 32.
Nc3 Rd8 33. Nxd5 Rxd5 34. a4 Bb4 35. Rf4 a5 36. Rc4 c5 37. d4 cxd4 38. Rcxd4 Rf5 39. Re4 Rf2 40. Ra1 f5 41. Re3 f4 42. Rf3 Rxf3 43.
gxf3 Kf7 44. Rd1 Ke6 45. Kg2 Ke5 46. Kf1 g5 47. Ke2 h5 48. Rd7 Kf5 49. Rd5+ Kf6 50. Rb5 Bc3 51. h4 g4 52. Rxh5 g3 53. Rg5 Bd4 54. Rg4 Kf5 55. h5 Bf6 56. h6 Bd4 57.
h7 1-0

[Event "Early-Titled-Tuesday-Blitz-June-18-2024"]
[Site "Chess.com"]
[Date "2024.06.18"]
[Round "9"]
[White "gilbert_gm"]
[Black "AldokhinIvan"]
[Result "1-0"]
[WhiteElo "2866"]
[BlackElo "2644"]
[TimeControl "180+1"]
[EndTime "9:47:26 PDT"]
[Termination "gilbert_gm won on time"]

1. e4 c5 2. h3 e6 3. Nf3 Nc6 4. Bb5 Nd4 5. Be2 Nxf3+ 6. Bxf3 Qc7 7. O-O Nf6 8. Re1 Bd6 9. Na3 a6 10. Nc4 e5 11. a4 O-O 12. a5 Be7 13. d3 d6 14. Bg5 Be6 15. Nb6 Rae8 16. Bxf6 Bxf6 17. Bg4 g6 18. c3 Bg7 19. Bxe6 fxe6 20. b4 cxb4 21.
cxb4 Qc3 22. Rb1 Qd4 23. Qd2 Rf7 24. Qe3 Qxe3 25. Rxe3 Rd8 26. Re2 d5 27. Rc2 Bf8 28. b5 axb5 29. Rxb5 dxe4 30. dxe4 Rd1+ 31. Kh2 Rf1 32. Rbb2 Ba3 33. Ra2 Bb4 34. g3 Re1 35.
Ra4 Bc5 36. Kg2 Bd4 37. Nc4 Rb1 38. Raa2 Rc7 39. Nd6 Rd7 40. Nc4 Re1 41. a6 bxa6 42.
Rxa6 Rxe4 43. Rxe6 Re1 44. Ra2 Rc7 45. Nd6 Rd7 46.
Nc4 Kg7 47. Rd2 Kf7 48. Rxe5 1-0

[Event "Early-Titled-Tuesday-Blitz-June-18-2024"]
[Site "Chess.com"]
[Date "2024.06.18"]
[Round "9"]
[White "JJDAREK"]
[Black "IndianSchoolOfSuffering"]
[Result "1/2-1/2"]
[WhiteElo "2344"]
[BlackElo "2510"]
[TimeControl "180+1"]
[EndTime "9:47:26 PDT"]
[Termination "Game drawn by repetition"]

1. Nf3 g6 2. c4 Bg7 3. Nc3 c5 4. e3 Nf6 5. d4 cxd4 6. exd4 d5 7.
cxd5 Nxd5 8. Bc4 Nxc3 9. bxc3 O-O 10. O-O a6 11. a4 Nc6 12. Re1 Na5 13. Ba2 Bg4 14. h3 Bxf3 15. Qxf3 e6 16. Rb1 Rc8 17. Ba3 Qd7 18. Bxf8 Bxf8 19. d5 exd5 20. Qxd5 Qxd5 21. Bxd5 Rc7 22. Re8 Kg7 23. Rb8 Rxc3 24. Bxb7 Nxb7 25. R8xb7 Bc5 26. R7b2 a5 27. Ra2 h5 28. h4 Kh6 29.
Rb5 Kg7 30. Kh2 Bb4 31. g3 Rc4 32. Kg2 Rc6 33. Rb2 Rc4 34. Rb7 Rd4 35. Re2 Rd5 36. Rc2 Rf5 37. f4 Rf6 38. Rcc7 Rf5 39. Rd7 Rf6 40. Kf3 Rf5 41. Ke4 Rf6 42. Rd5 Be1 43.
Kf3 Bb4 44. Rdb5 Bc3 45. Rc5 Bb4 46. Rcc7 Rf5 47. Rc8 Rf6 48. Rbb8 Rd6 49. Rg8+ Kf6 50. Rgd8 Rc6 51. Rdc8 Rd6 52. Ra8 Rd3+ 53. Kg2 Rd2+ 54. Kf3 Rd3+ 55. Kg2 Rd2+ 56. Kh3 Rd6 57. Rab8 Be1 58.
Rb3 Bb4 59. Rc4 Bd2 60. Rc2 Bb4 61. Rc4 Bd2 62. Kg2 Kg7 63. Kf3 Be1 64. Re3 Bd2 65. Re2 Bb4 66. Ree4 Rd3+ 67. Re3 Rd6 68. Ree4 Rd3+ 69.
Re3 Rd6 70. Ree4 1/2-1/2

[Event "Early-Titled-Tuesday-Blitz-June-18-2024"]
[Site "Chess.com"]
[Date "2024.06.18"]
[Round "9"]
[White "doublesik"]
[Black "azikom"]
[Result "1-0"]
[WhiteElo "2589"]
[BlackElo "2681"]
[TimeControl "180+1"]
[EndTime "9:47:27 PDT"]
[Termination "doublesik won on time"]

1. d4 Nf6 2. c4 e6 3. Nf3 c5 4. d5 exd5 5. cxd5 d6 6. Nc3 a6 7. a4 g6 8. Nd2 Bg7 9. e4 O-O 10. Be2 Nbd7 11. O-O Re8 12. Qc2 Rb8 13.
Nc4 Nb6 14. Ne3 Nfd7 15. a5 Na8 16. Kh1 Qc7 17. f4 Nf6 18. Nc4 b5 19. axb6 Nxb6 20. Na5 Bd7 21. Bf3 Bg4 22. Bd2 Bxf3 23. Rxf3 Nbd7 24.
Nc6 Rb6 25. Raf1 Rb4 26. Re3 Ng4 27. Re2 Nb8 28. Nxb4 cxb4 29. Qa4 Nd7 30. Qxb4 Rb8 31. Qa3 h5 32. h3 Ngf6 33. e5 dxe5 34. fxe5 Nxe5 35. d6 Qc4 36. Rd1 Nfd7 37. Re4 Qc6 38. Bf4 Nc4 39. Qa4 Qxa4 40. Nxa4 Nxb2 41. Nxb2 Rxb2 42.
Re7 Rb7 43. Re8+ Kh7 44. Rc8 Rb4 45. Rc7 Rxf4 46. Rxd7 Rf2 47. Ra7 Bf6 48. Rxf7+ Kg8 49. Rxf6 Rxf6 50. d7 Rf8 51. d8=Q 1-0

[Event "Early-Titled-Tuesday-Blitz-June-18-2024"]
[Site "Chess.com"]
[Date "2024.06.18"]
[Round "9"]
[White "HajiyevKanan"]
[Black "cthulhuuu"]
[Result "1-0"]
[WhiteElo "2543"]
[BlackElo "2382"]
[TimeControl "180+1"]
[EndTime "9:47:30 PDT"]
[Termination "HajiyevKanan won by resignation"]

1. d4 Nf6 2. Nf3 g6 3. c4 Bg7 4. g3 O-O 5. Bg2 d6 6. O-O c5 7.
b3 cxd4 8. Nxd4 Qa5 9. Qd2 Qh5 10.
Qg5 Qxg5 11. Bxg5 Ne4 12. Be3 Nc6 13. Rd1 f5 14. Bxe4 fxe4 15. Nc3 Bg4 16. Kg2 Rf7 17. h3 Bd7 18. Nxe4 Raf8 19. f3 Nb4 20. Rd2 d5 21. Nc5 e5 22. Nde6 Bxe6 23. Nxe6 d4 24. Bg1 Re8 25. Nxg7 Kxg7 26. Rad1 Nc6 27. g4 e4 28. Bxd4+ Nxd4 29. Rxd4 exf3+ 30. exf3 Re2+ 31. Kg3 Rxa2 32. Rd7 Rb2 33. Rxf7+ Kxf7 34. Rd7+ Ke6 35. Rxb7 a5 36.
Rxh7 Rxb3 37. Ra7 Ra3 38. Ra6+ Kf7 39. h4 a4 40. Kf4 Ra1 41. c5 a3 42. c6 Ke7 43. Ra7+ Kd6 44. c7 Kd7 45. Kg5 a2 46. f4 Kc8 47. Kxg6 Rg1 48. Rxa2 Rxg4+ 49. Kf5 Rxh4 50. Rc2 Rh6 51. Kg5 Rh2 52. Rxh2 Kxc7 53. f5 1-0

[Event "Early-Titled-Tuesday-Blitz-June-18-2024"]
[Site "Chess.com"]
[Date "2024.06.18"]
[Round "9"]
[White "Rud_Makarian"]
[Black "BardArtem"]
[Result "1/2-1/2"]
[WhiteElo "3055"]
[BlackElo "2848"]
[TimeControl "180+1"]
[EndTime "9:47:32 PDT"]
[Termination "Game drawn - insufficient material"]

1. c4 e6 2. Nf3 d5 3. g3 Nf6 4. Bg2 Bd6 5. d4 O-O 6. Nbd2 b6 7. O-O Bb7 8. b3 Nbd7 9. Bb2 Re8 10. Ne5 Qc8 11. cxd5 exd5 12. Ndf3 Bxe5 13. dxe5 Ne4 14. Qc2 c5 15. Rad1 f6 16. Bh3 fxe5 17. Bxd7 Qxd7 18. Qxe4 dxe4 19. Rxd7 Bc8 20. Rc7 exf3 21. exf3 Bh3 22. Re1 Rad8 23. Rxa7 Rd3 24. f4 Red8 25. Re7 Rd1 26.
Rxe5 Rxe1+ 27. Rxe1 Rd2 28. Be5 Rxa2 29. Ra1 Rxa1+ 30.
Bxa1 Be6 31. b4 cxb4 32. f3 h5 33. Kf2 b3 34. Kg2 g6 35. h3 b5 36. g4 hxg4 37. fxg4 Kf7 38. Kg3 Bc4 39. Bb2 Bf1 40. Kh4 Ke6 41.
Kg3 Kf7 42. Bc3 Ke6 43. h4 Kf7 44. Kf3 Bc4 45. Ke4 Be2 46. f5 Bxg4 47. fxg6+ Kxg6 48. Bb2 Kh5 49. Kd4 Kxh4 50. Kc5 Be2 51. Kb4 Bg4 52. Kxb3 Bh3 53. Kb4 Bg4 54. Kxb5 1/2-1/2

[Event "Early-Titled-Tuesday-Blitz-June-18-2024"]
[Site "Chess.com"]
[Date "2024.06.18"]
[Round "9"]
[White "ilovejokes555"]
[Black "HelenaWalker2912"]
[Result "1-0"]
[WhiteElo "2238"]
[BlackElo "2399"]
[TimeControl "180+1"]
[EndTime "9:47:34 PDT"]
[Termination "ilovejokes555 won by resignation"]

1. e4 c6 2. d4 d5 3. Nd2 dxe4 4. Nxe4 Nf6 5. Nxf6+ exf6 6. Nf3 Bd6 7. Bd3 O-O 8. O-O Re8 9. h3 Nd7 10. c3 Nf8 11. Nh4 g6 12. f4 f5 13. Nf3 Nd7 14. Ne5 Kg7 15. Bc4 Re7 16. Bd2 Nf6 17. Bd3 Ne4 18. Be3 f6 19. Bxe4 fxe4 20. Nc4 Bc7 21. a4 Be6 22. b3 a5 23. f5 Bxf5 24. Rxf5 gxf5 25. Qh5 f4 26. Qg4+ Kh8 27. Bxf4 Qg8 28. Qh4 Bxf4 29. Qxf6+ Qg7 30. Qxf4 Rf8 31. Qg4 Qxg4 32.
hxg4 e3 33. Re1 Rf2 34. Ne5 Rc2 35. Rxe3 Kg7 36. Rf3 b5 37. Nxc6 Re1+ 38. Kh2 bxa4 39. bxa4 Ree2 40. Rg3 Ra2 41. Nxa5 Rab2 42. Nc4 Ra2 43.
a5 Kf7 44. Ne5+ Ke6 45. Nd3 Rxa5 46. Nf4+ Kd7 47. Nxe2 Ra2 48. Re3 Kd6 49. Kg3 h6 50.
Kf3 Kd5 51. Re5+ Kc4 52. Rc5+ Kd3 53. Nf4+ Kd2 54. d5 Ra1 55. d6 Rf1+ 56. Kg3 Ke3 57. Re5+ Kd2 58. d7 h5 59. gxh5 Kc1 60. d8=Q Rd1 61. Qa5 Rd3+ 62. Nxd3+ Kd2 63. Qa2+ Kxd3 64. Qe2+ Kxc3 65. Rd5 Kb3 66. Rc5 1-0

[Event "Early-Titled-Tuesday-Blitz-June-18-2024"]
[Site "Chess.com"]
[Date "2024.06.18"]
[Round "9"]
[White "jcibarra"]
[Black "Onischuk_V"]
[Result "1-0"]
[WhiteElo "3010"]
[BlackElo "2827"]
[TimeControl "180+1"]
[EndTime "9:47:35 PDT"]
[Termination "jcibarra won by resignation"]

1. e4 d6 2. d4 Nf6 3. Nc3 g6 4. Be3 c6 5. Nf3 Nbd7 6. Qd2 e5 7. Bd3 h6 8. h3 Bg7 9. O-O Qe7 10.
a4 Kf8 11. Rfe1 Kg8 12. Rad1 Kh7 13. Bc4 Re8 14. a5 Bf8 15. d5 c5 16. Nh2 Qd8 17.
Ra1 a6 18. Reb1 Qc7 19. Ng4 Ng8 20. Nh2 Bg7 21. Ra3 f5 22. f3 f4 23. Bf2 g5 24.
b4 Ngf6 25. Na4 cxb4 26. Qxb4 Bf8 27. Rc3 Qd8 28. Be2 Kg8 29. Rbb3 Rb8 30. Ba7 Ra8 31. Bf2 Rb8 32. Rc4 Qe7 33. Rbc3 Qf7 34. Rc7 Be7 35. Nb6 Nxb6 36. Bxb6 Qf8 37. Bf2 h5 38. Bxa6 Bxh3 39. Bxb7 Bd7 40. a6 g4 41. Bh4 g3 42. Nf1 Ng4 43. Rxd7 Bxh4 44. Qxd6 Qxd6 45. Rxd6 Be7 46. Re6 Bb4 47. Rcc6 Rxe6 48. dxe6 Be1 49. fxg4 Bf2+ 50. Kh1 hxg4 51. Rc8+ Rxc8 52. Bxc8 Kf8 53. Nd2 Ke7 54. Nc4 Bd4 55. Nxe5 Bxe5 56. a7 f3 57. a8=Q f2 58. Qb7+ Kf6 59. Qf7+ 1-0

[Event "Early-Titled-Tuesday-Blitz-June-18-2024"]
[Site "Chess.com"]
[Date "2024.06.18"]
[Round "9"]
[White "snowlord"]
[Black "Mops_2004"]
[Result "1/2-1/2"]
[WhiteElo "2958"]
[BlackElo "2815"]
[TimeControl "180+1"]
[EndTime "9:47:35 PDT"]
[Termination "Game drawn by repetition"]

1. e4 g6 2. d4 Bg7 3. Nc3 d6 4. Be3 a6 5. g4 Nd7 6. h4 c5 7. h5 g5 8. Nge2 cxd4 9. Nxd4 Ne5 10. Be2 h6 11. f3 Nf6 12. Qd2 b5 13. O-O-O Bd7 14.
Kb1 Rc8 15. Nd5 Nxd5 16. exd5 Qc7 17. Rhe1 Qb7 18. Nf5 Bxf5 19. gxf5 Bf6 20. f4 gxf4 21. Bxf4 Kd7 22. Bxe5 Bxe5 23. f6 Rcg8 24. fxe7 Kxe7 25. Qb4 Rg5 26. Bd3 Qc7 27. a3 f6 28. Bg6 a5 29.
Qe4 Rb8 30. Rg1 Qc4 31. Qe1 b4 32. Rxg5 hxg5 33. axb4 Rxb4 34. c3 Qxc3 35. Qxc3 Bxc3 36. Kc2 Bxb2 37. h6 f5 38. h7 Be5 39. Re1 Rb8 40. Bxf5 Kf6 41. Be4 Kg7 42. Rh1 a4 43. Rh3 Ra8 44. Ra3 Rc8+ 45. Kd3 Ra8 46. Kc4 Kh8 47. Bf5 Rd8 48. Rxa4 Rf8 49. Bg6 g4 50. Ra2 g3 51.
Rg2 Kg7 52. Be4 Kh6 53. Kd3 Kg5 54. Rg1 Kg4 55. Rh1 Rh8 56. Ke2 Rf8 57. Ke3 Bf4+ 58.
Ke2 Be5 59. Ke3 Bf4+ 60. Ke2 Be5 1/2-1/2

[Event "Early-Titled-Tuesday-Blitz-June-18-2024"]
[Site "Chess.com"]
[Date "2024.06.18"]
[Round "9"]
[White "Mikozovna"]
[Black "DmitryMaximov"]
[Result "1/2-1/2"]
[WhiteElo "2631"]
[BlackElo "2777"]
[TimeControl "180+1"]
[EndTime "9:47:36 PDT"]
[Termination "Game drawn by repetition"]

1. e4 c5 2. Nf3 d6 3. Bb5+ Nc6 4. O-O Bd7 5. c3 a6 6. Bxc6 Bxc6 7. Re1 Nf6 8. d4 cxd4 9. cxd4 Bxe4 10. Bg5 d5 11.
Bxf6 exf6 12. Nc3 Be7 13. Nxe4 dxe4 14. Rxe4 O-O 15. d5 Qd7 16. Qd2 Rfd8 17. Rd1 Bd6 18.
h3 Rac8 19. Qe2 g6 20. h4 h5 21. Rc4 Rxc4 22. Qxc4 Qf5 23. b3 Kg7 24. Qe2 Bc5 25. Qd3 Qg4 26. Kf1 b5 27. Rc1 Qb4 28. g3 Rd7 29.
Kg2 a5 30. Re1 a4 31. Re4 Qa3 32. Qxb5 Rxd5 33. bxa4 Qxa2 34. Re2 Qa3 35. Qc4 Rf5 36. Ne1 Qa1 37. Nd3 Bd6 38. Re1 Qa3 39. Re2 Ra5 40. Ra2 Rxa4 41. Qxa4 Qxd3 42. Qa8 f5 43. Qf3 Qc4 44. Ra7 Qe6 45. Rb7 Be5 46. Ra7 Bf6 47.
Ra8 Be5 48. Rd8 Bf6 49. Ra8 Be5 50. Ra4 Bf6 51. Rb4 Be7 52. Rd4 Bf6 53. Rd5 Be5 54.
Rb5 Bf6 55. Qa8 f4 56. Rb8 fxg3 57. fxg3 Qe2+ 58. Kh3 Qg4+ 59. Kg2 Qe2+ 60. Kh3 Qg4+ 61. Kg2 Be5 62. Rb3 Qe2+ 63. Kh3 Qg4+ 64. Kg2 Qe2+ 65.
Kh3 Qg4+ 66. Kg2 1/2-1/2

[Event "Early-Titled-Tuesday-Blitz-June-18-2024"]
[Site "Chess.com"]
[Date "2024.06.18"]
[Round "9"]
[White "ulises2013"]
[Black "kingnb"]
[Result "1-0"]
[WhiteElo "2863"]
[BlackElo "2696"]
[TimeControl "180+1"]
[EndTime "9:47:38 PDT"]
[Termination "ulises2013 won by resignation"]

1. e4 c5 2. g3 g6 3. Bg2 Bg7 4. Ne2 e6 5. O-O Ne7 6. c3 d5 7. exd5 Nxd5 8. d4 cxd4 9. Nxd4 O-O 10. Na3 a6 11. Nac2 Bd7 12. a4 Nc6 13. Nxc6 Bxc6 14. Nd4 Bd7 15. a5 Rc8 16. h4 h5 17. Re1 Qc7 18. Bxd5 exd5 19. Bf4 Qd8 20. Be5 Bh6 21. Qf3 Bg4 22. Qf6 Qxf6 23. Bxf6 Rfe8 24. f3 Bd7 25. Kf2 Bf8 26. Rxe8 Bxe8 27. Ne2 Bb5 28. Nf4 Bc5+ 29.
Kg2 Rc6 30. Be5 f6 31. Bd4 Bxd4 32. cxd4 Rc2+ 33. Kg1 Rxb2 34. Nxg6 Rd2 35. Nf4 Rxd4 36. Nxh5 Rd3 37. Kf2 Kf7 38. Nf4 Rb3 39. Nxd5 Bc6 40. Ne3 Rb2+ 41. Kg1 Bxf3 42. Rf1 Bc6 43. g4 Re2 44. g5 Rxe3 45. Rxf6+ Kg7 46. Kh2 Ra3 47. Rd6 Rxa5 48. Kg3 Rd5 49. Re6 a5 50. Kf4 Rd4+ 51. Kg3 Rd5 52. Kf4 Rd4+ 53. Kg3 Bd7 54. Re5 Rxh4 55. Kxh4 a4 56. Re7+ 1-0

[Event "Early-Titled-Tuesday-Blitz-June-18-2024"]
[Site "Chess.com"]
[Date "2024.06.18"]
[Round "9"]
[White "HamedWafa4"]
[Black "rookpower2004"]
[Result "0-1"]
[WhiteElo "2678"]
[BlackElo "2505"]
[TimeControl "180+1"]
[EndTime "9:47:38 PDT"]
[Termination "rookpower2004 won by resignation"]

1. e4 e6 2. d4 d5 3. e5 c5 4. c3 Nc6 5. Nf3 Qb6 6. Be2 Nh6 7. Bxh6 Qxb2 8. Be3 Qxa1 9. Qc2 cxd4 10. Nxd4 Ba3 11. Nb5 O-O 12. Nxa3 d4 13. Bd2 Nxe5 14. O-O d3 15. Bxd3 Nxd3 16. Qxd3 Qb2 17. Nb5 Bd7 18. Qxd7 Rfd8 19. Qxb7 Rab8 20. Qxa7 Qxb5 21. Be3 Qxb1 22. Qa4 Qb2 23. Bd4 Ra8 24. Qc6 Qxa2 25. Qf3 Qd5 26. Qg3 g6 27. Re1 Qe4 28. f3 Qf5 29. Qh4 Rd5 30. h3 Rad8 31. Kh2 Rc8 32. Re4 e5 33.
Be3 Rxc3 34. Bg5 Rc2 35. Re3 Rdd2 36. Rb3 Rxg2+ 37. Kh1 Rh2+ 38. Kg1 Rcg2+ 39. Kf1 Rf2+ 40. Ke1 Re2+ 41. Kf1 Rhf2+ 42. Kg1 Rg2+ 43. Kf1 Qxg5 44. Qxg5 Rxg5 45. Kxe2 Rg3 46. Rb5 f6 47. Rb7 Rxh3 48.
Ke3 Rg3 49. Ke4 h5 50. Kd5 Rxf3 51. Ke6 e4 52. Rb8+ Kg7 53. Rb7+ Kh6 54. Kf7 e3 55. Re7 h4 56. Kg8 Kg5 0-1

[Event "Early-Titled-Tuesday-Blitz-June-18-2024"]
[Site "Chess.com"]
[Date "2024.06.18"]
[Round "9"]
[White "Abund"]
[Black "gafkens"]
[Result "1-0"]
[WhiteElo "2720"]
[BlackElo "2617"]
[TimeControl "180+1"]
[EndTime "9:47:39 PDT"]
[Termination "Abund won by resignation"]

1. e4 c5 2. Nf3 Nc6 3. Bc4 g6 4. O-O Bg7 5. c3 e6 6. Re1 Nge7 7. d4 cxd4 8. Nxd4 O-O 9. Nf3 d5 10. exd5 exd5 11. Bf1 h6 12. Be3 Nf5 13. Bc5 Re8 14. Rxe8+ Qxe8 15. Qxd5 b6 16. Ba3 Bb7 17. Qd1 Rd8 18.
Nbd2 g5 19. Qc2 Qd7 20. h3 Ne5 21. Nxe5 Bxe5 22. Ne4 Qd5 23. Re1 Kg7 24. b3 Nh4 25. c4 Qc6 26. Nxg5 Bh2+ 27. Kxh2 hxg5 28. Qc3+ Kg8 29.
Qg3 Qg6 30. Be7 Re8 31. Bd3 Qg7 32. Bf6 Rxe1 33. Bxg7 Bxg2 34. Qb8+ Kxg7 35. Kg3 Re6 36. Bf5 Nxf5+ 37. Kxg2 Nh4+ 38. Kg3 Rf6 39. Qb7 Kg6 40.
Qe4+ Kh6 41. b4 a5 42. a3 axb4 43. axb4 Nf5+ 44. Kg2 Nh4+ 45. Kg3 Nf5+ 46. Kh2 Nh4 47. Kg1 Nf3+ 48. Kh1 Nh4 49. Qd4 Kg6 50. c5 bxc5 51. bxc5 Re6 52. Qd3+ f5 53. Qc3 f4 54. c6 Nf3 55. Qxf3 Rd6 56. Kg2 Kf6 57. c7 Rc6 58.
Qxc6+ 1-0